 Dungeon Crawl Stone Soup version 0.21.0-37-g46506fa (webtiles) character file.

2888 pokedragonboy the Destroyer (level 9, -2/45 HPs)
             Began as a Deep Elf Conjurer on Feb 1, 2018.
             Was a Follower of Vehumet.
             Shot with a sling bullet by Joseph (17 damage)
             ... on level 8 of the Dungeon.
             The game lasted 00:27:08 (9668 turns).

pokedragonboy the Destroyer (Deep Elf Conjurer)     Turns: 9668, Time: 00:27:08

Health: -2/45      AC:  3    Str:  5    XL:     9   Next: 48%
Magic:  4/24       EV: 13    Int: 24    God:    Vehumet [*.....]
Gold:   409        SH:  4    Dex: 15    Spells: 8/26 levels left

rFire    . . .     SeeInvis .   t - staff of wizardry
rCold    . . .     Gourm    .   (no shield)
rNeg     . . .     Faith    .   a - +0 robe
rPois    .         Spirit   .   (no helmet)
rElec    .         Reflect  +   (no cloak)
rCorr    .         Harm     .   f - +0 pair of gloves
MR       .....                  (no boots)
Stlth    ++........             n - +4 amulet of reflection
HPRegen  0.15/turn              (no ring)
MPRegen  0.19/turn              (no ring)

@: no status effects
A: no striking features
a: Renounce Religion


You were on level 8 of the Dungeon.
You worshipped Vehumet.
Vehumet was aware of your devotion.
You were hungry.

You visited 2 branches of the dungeon, and saw 9 of its levels.

You collected 409 gold pieces.

Inventory:

Hand Weapons
 d - a +0 dagger
Missiles
 l - 6 tomahawks (quivered)
Armour
 a - a +0 robe (worn)
 f - a +0 pair of gloves (worn)
Magical Staves
 t - an uncursed staff of wizardry (weapon)
Jewellery
 n - a +4 amulet of reflection (around neck)
Wands
 k - a wand of disintegration (21)
 w - a wand of iceblast (7)
 D - a wand of polymorph (8)
Scrolls
 g - 2 scrolls of magic mapping
 h - a scroll of enchant weapon {unknown}
 j - a scroll of fog
 p - 2 scrolls of amnesia
 r - 2 scrolls of teleportation {unknown}
 s - 2 scrolls of remove curse {unknown}
 v - 2 scrolls of immolation {unknown}
 x - a scroll of enchant armour {unknown}
 y - a scroll of identify
 E - a scroll of random uselessness {unknown}
 H - a scroll of blinking {unknown}
Potions
 i - 2 potions of mutation
 m - 2 potions of ambrosia {unknown}
 o - 2 potions of might
 q - 3 potions of flight {unknown}
 u - 3 potions of agility {unknown}
 z - 2 potions of brilliance {unknown}
 A - a potion of heal wounds {unknown}
 B - a potion of haste
 C - a potion of experience {unknown}
 F - a potion of resistance {unknown}
Books
 b - a book of Conjurations

   Spells                             Type                      Level
   a - Magic Dart                     Conjuration                  1
   b - Searing Ray                    Conjuration                  2
   c - Dazzling Spray                 Conjuration/Hexes            3
   d - Fulminant Prism                Conjuration/Hexes            4
   e - Force Lance                    Conjuration/Translocation    4
   f - Iskenderun's Mystic Blast      Conjuration                  4
Comestibles
 c - 15 rations


   Skills:
 - Level 2.4 Dodging
 - Level 2.4 Stealth
 + Level 9.1 Spellcasting
 * Level 9.9 Conjurations
 * Level 8.3 Hexes
 - Level 5.1 Translocations


You had 8 spell levels left.
You knew the following spells:

 Your Spells              Type           Power        Failure   Level  Hunger
a - Magic Dart            Conj           ####         1%          1    None
b - Searing Ray           Conj           ######       1%          2    None
c - Dazzling Spray        Conj/Hex       ######       1%          3    None
d - Fulminant Prism       Conj/Hex       ######....   1%          4    ##.....
e - Iskenderun's Mystic   Conj           ######..     1%          4    ##.....
f - Force Lance           Conj/Tloc      #####...     1%          4    ##.....


Dungeon Overview and Level Annotations

Branches:
Dungeon (8/15)             Temple (1/1) D:7
   Lair: D:8-11

Altars:
Ashenzari
Cheibriados
Dithmenos
Elyvilon
Fedhas
Gozag
Hepliaklqana
Kikubaaqudgha
Makhleb
Nemelex Xobeh
Okawaru
Qazlal
Ru
Sif Muna
Trog
Uskayaw
Vehumet
Wu Jian
Xom
Yredelemnul
Zin
The Shining One

Shops:
D:7 }

Annotations:
D:7 exclusion: 2 doors
D:8 Joseph


Message History

Your fulminant prism detonates feebly.
Casting: Fulminant Prism
Confirm with . or Enter, or press ? or * to list all spells.
Aiming: Fulminant Prism
Press: ? - help, Dir - move target cursor You conjure a prism of explosive energy!
You are feeling hungry.
Joseph shoots a sling bullet.
The sling bullet hits your fulminant prism!
Your fulminant prism detonates feebly.
Joseph shoots a sling bullet.
The sling bullet hits you.
You see here a sling bullet.
Joseph shouts, "Wow!"
Joseph shoots a sling bullet.
The sling bullet hits you!
You see here a sling bullet.
Okay, then.
You feel better.
Joseph shoots a sling bullet.
The sling bullet hits you!
Joseph shoots a sling bullet.
The sling bullet hits you!
You die...

#..##.....#..####
##.##.....##.##
###..........#...
##..............###
#....<............
##...............#.
#................#.
#..................
###...@..........##
##............## .
##..........## ..
#....####### ###...
#...(#########(....
#>..(@...((@.(.(...
#....#####..####...
#..).#####.## ...
#..........# .*


You could see Joseph.

Vanquished Creatures
  Prince Ribbit (D:6)
  Menkaure (D:6)
  An orc warrior (D:6)
  3 ice beasts
  A sky beast (D:8)
  A centaur (D:7)
  4 ogres
  4 bullfrogs
  3 scorpions (D:7)
  2 howler monkeys
  5 wights (D:7)
  2 bullfrog zombies
  2 lava snakes (D:7)
  A quasit (D:5)
  A bullfrog skeleton (D:8)
  A jelly (D:7)
  4 orc priests
  A hound (D:6)
  A centaur skeleton (D:7)
  2 orc wizards
  Natasha (D:2)
  A gnoll shaman (D:4)
  2 iguanas (D:7)
  8 worker ants
  A hound zombie (D:8)
  5 gnolls (D:4)
  10 adders
  An adder zombie (D:8)
  An adder skeleton (D:7)
  3 worms
  A dart slug (D:2)
  3 leopard geckos
  18 orcs
  A ball python (D:2)
  8 bats
  7 giant cockroaches
  8 hobgoblins
  10 jackals
  7 kobolds
  7 quokkas
  5 frilled lizards
  11 goblins
  A leopard gecko skeleton (D:5)
  A quokka skeleton (D:4)
  2 quokka zombies
  7 rats
171 creatures vanquished.

Vanquished Creatures (others)
  24 fulminant prisms
24 creatures vanquished.

Grand Total: 195 creatures vanquished

Notes
Turn   | Place    | Note
-------+----------+-------------------------------------------
     0 | D:1      | pokedragonboy the Deep Elf Conjurer began the quest for the Orb.
     0 | D:1      | Reached XP level 1. HP: 10/10 MP: 6/6
   102 | D:1      | Reached XP level 2. HP: 15/15 MP: 1/8
   106 | D:1      | Learned a level 2 spell: Searing Ray
   520 | D:1      | Reached skill level 5 in Conjurations
   945 | D:2      | Reached XP level 3. HP: 19/19 MP: 6/10
   953 | D:2      | Learned a level 3 spell: Dazzling Spray
  1388 | D:2      | Reached skill level 1 in Hexes
  1417 | D:2      | Found a stormy altar of Qazlal.
  1418 | D:2      | Found a sparkling altar of Nemelex Xobeh.
  1882 | D:2      | Noticed Natasha
  1887 | D:2      | Killed Natasha
  1887 | D:2      | Reached XP level 4. HP: 24/24 MP: 1/12
  1974 | D:2      | Learned a level 4 spell: Fulminant Prism
  2796 | D:3      | Reached XP level 5. HP: 26/28 MP: 3/13
  3437 | D:4      | Reached skill level 5 in Spellcasting
  3760 | D:4      | Found an ornate altar of the Wu Jian Council.
  3786 | D:4      | Reached XP level 6. HP: 32/32 MP: 9/15
  3965 | D:4      | Reached skill level 5 in Hexes
  4241 | D:4      | Learned a level 4 spell: Iskenderun's Mystic Blast
  4343 | D:5      | Entered Level 5 of the Dungeon
  4352 | D:5      | Noticed an ice beast
  4357 | D:5      | Killed an ice beast
  4357 | D:5      | Reached XP level 7. HP: 36/36 MP: 0/17
  4750 | D:5      | Found a shadowy altar of Dithmenos.
  5322 | D:6      | Noticed Menkaure
  5326 | D:6      | Killed Menkaure
  5580 | D:6      | Noticed Prince Ribbit
  5728 | D:6      | Killed Prince Ribbit
  5728 | D:6      | Reached XP level 8. HP: 35/41 MP: 15/21
  5775 | D:6      | Learned a level 4 spell: Force Lance
  5964 | D:6      | Reached skill level 1 in Translocations
  6694 | D:6      | Found an opulent altar of Gozag.
  6908 | D:7      | Found Ysohad's Gadget Shoppe.
  7379 | D:7      | Found a staircase to the Ecumenical Temple.
  7395 | Temple   | Entered the Ecumenical Temple
  7465 | Temple   | Became a worshipper of Vehumet
  7821 | D:7      | Reached XP level 9. HP: 45/45 MP: 16/23
  8128 | D:7      | Reached skill level 5 in Translocations
  9343 | D:8      | Reached * piety under Vehumet
  9343 | D:8      | Offered knowledge of Shock by Vehumet.
  9646 | D:8      | Noticed Joseph
  9668 | D:8      | Shot with a sling bullet by Joseph

Skill      XL: |  1  2  3  4  5  6  7  8  9 |
---------------+----------------------------+-----
Conjurations   | 5 6 7 9 |  9.9
Hexes          | 2 3 4 6 7 8 |  8.3
Spellcasting   | 4 5 7 8 9 |  9.1
Translocations | 4 5 |  5.1
Dodging        | |  2.4
Stealth        | |  2.4

Action                   |  1- 3 |  4- 6 |  7- 9 || total
-------------------------+-------+-------+-------++-------
Melee: Dagger            |     1 |     2 |       ||     3
       Staff             |       |       |     1 ||     1
 Cast: Magic Dart        |    66 |    79 |   105 ||   250
       Searing Ray       |     4 |    12 |    33 ||    49
       Dazzling Spray    |     4 |     9 |    13 ||    26
       Fulminant Prism   |       |     2 |    22 ||    24
       Iskenderun's Myst |       |       |    11 ||    11
       Force Lance       |       |       |    10 ||    10
  Use: Scroll            |     1 |     3 |     3 ||     7
       Potion            |       |       |     4 ||     4
  Eat: Chunk             |     3 |     5 |    12 ||    20
       Ration            |       |     1 |     2 ||     3
Armor: Robe              |     2 |     2 |     8 ||    12
Dodge: Dodged            |     7 |    13 |    32 ||    52
Block: Other             |       |     2 |    16 ||    18
       Reflection        |       |       |     1 ||     1
